AoeStats
← CaP

African Clearing

503940873Analyzed
4v4 RM · 1mo ago on Sep 3, 2026· 79m 22s· 8 players
Game mode
Random Map
Map size
Large (8 player)
Population
200
Speed
Normal
Resources
Standard
Victory
Conquest
Starting age
Dark Age
Ending age
Imperial Age
RankedLock teamsTeams togetherTeam positionsShared explorationLock speedFull tech treeHidden civsTurbo modeCheats
Victory
Defeat
🇹🇼 Hindustanis · Taiwan
1528
+9
🇮🇳 Teutons · India
1497
+11
🇺🇸 Japanese · United States
1403
+15
🇨🇦 Georgians · Canada
1325
+18
🇲🇽 Jurchens · Mexico
1425
-15
🇨🇴 Dravidians · Colombia
1387
-14
🇲🇽 Vietnamese · Mexico
1368
-13
🇺🇸 Malians · United States
1328
-11
Chigüiro
8:15 Loom
14:07 Feudal Age
19:48 Castle Age
18:26 Double-Bit Axe
19:36 Horse Collar
20:51 Pikeman
25:18 Crossbowman
26:29 Fletching
32:39 Padded Archer Armor
37:25 Bodkin Arrow
38:28 Scale Mail Armor
41:12 Forging
41:55 Chain Mail Armor
44:07 Iron Casting
48:48 Squires
59:56 Imperial Age
58:52 Wheelbarrow
59:27 Caravan
60:11 Halberdier
62:04 Plate Mail Armor
63:12 Blast Furnace
64:10 Siege Elephant
65:47 Conscription
66:18 Wootz Steel
67:24 Hand Cart
75:11 Guilds
75:17 Bow Saw
Dusk_
3:20 Loom
12:10 Feudal Age
16:37 Castle Age
14:56 Double-Bit Axe
16:44 Horse Collar
17:33 Bow Saw
17:55 Town Watch
22:50 Wheelbarrow
27:00 Hand Cart
32:26 Imperial Age
29:58 Gold Mining
31:22 Scale Barding Armor
31:28 Forging
32:13 Bloodlines
32:04 Husbandry
32:44 Chain Barding Armor
33:32 Conscription
34:13 Iron Casting
33:53 Tigui
33:40 Heavy Camel Rider
35:50 Gold Shaft Mining
34:55 Cavalier
35:59 Heavy Plow
36:35 Farimba
36:41 Light Cavalry
41:17 Crop Rotation
47:58 Plate Barding Armor
48:36 Scale Mail Armor
47:58 Man-at-Arms
48:39 Squires
48:24 Arson
48:55 Fletching
49:00 Long Swordsman
49:40 Two-Handed Swordsman
50:42 Chain Mail Armor
50:23 Bodkin Arrow
50:26 Champion
52:20 Plate Mail Armor
56:01 Chemistry
64:24 Pikeman
66:30 Caravan
OM | Massiosare
4:56 Loom
12:11 Feudal Age
18:58 Fletching
26:17 Castle Age
25:55 Stone Mining
53:35 Bodkin Arrow
53:41 Padded Archer Armor
55:56 Leather Archer Armor
56:10 Ballistics
60:29 Gold Mining
61:16 Stone Shaft Mining
63:52 Imperial Age
63:11 Double-Bit Axe
65:36 Chemistry
65:22 Bow Saw
66:29 Bracer
69:49 Ring Archer Armor
69:30 Forging
69:26 Scale Barding Armor
70:23 Bloodlines
70:14 Husbandry
70:10 Light Cavalry
OM | Romeo D. Sins
3:07 Loom
11:50 Feudal Age
12:29 Double-Bit Axe
13:03 Horse Collar
16:07 Wheelbarrow
16:26 Gold Mining
16:27 Stone Mining
17:08 Stone Mining
21:53 Castle Age
20:31 Scale Barding Armor
20:57 Forging
21:29 Bloodlines
23:31 Iron Casting
27:51 Bow Saw
32:07 Chain Barding Armor
36:32 Gold Shaft Mining
36:32 Stone Shaft Mining
37:57 Husbandry
41:10 Imperial Age
42:33 Plate Barding Armor
42:58 Blast Furnace
41:30 Elite Steppe Lancer
43:23 Blast Furnace
44:49 Two-Man Saw
46:34 Stone Shaft Mining
48:00 Hand Cart
47:31 Town Watch
50:02 Town Patrol
51:08 Fletching
51:18 Padded Archer Armor
52:04 Bodkin Arrow
52:54 Conscription
52:52 Fortified Bastions
53:16 Leather Archer Armor
53:35 Bracer
53:58 Ballistics
54:50 Chemistry
54:59 Heavy Cavalry Archer
56:58 Ring Archer Armor
61:52 Treadmill Crane
62:17 Murder Holes
64:26 Siege Engineers
65:21 Thunderclap Bombs
67:10 Light Cavalry
MJZ
3:18 Loom
12:09 Feudal Age
15:40 Fletching
18:08 Town Watch
21:00 Double-Bit Axe
25:05 Castle Age
23:52 Horse Collar
24:10 Gold Mining
24:48 Padded Archer Armor
25:50 Bodkin Arrow
26:44 Crossbowman
38:00 Bow Saw
42:36 Wheelbarrow
43:24 Gold Shaft Mining
42:40 Stone Mining
43:39 Hand Cart
46:45 Imperial Age
44:24 Pikeman
45:04 Squires
44:50 Arson
45:06 Scale Mail Armor
47:36 Chain Mail Armor
47:34 Forging
46:56 Halberdier
48:46 Plate Mail Armor
49:35 Ballistics
49:29 Forging
52:25 Kataparuto
52:26 Conscription
52:51 Iron Casting
52:52 Masonry
52:47 Guard Tower
52:48 Arrowslits
54:04 Chemistry
52:48 Treadmill Crane
52:57 Man-at-Arms
53:23 Gambesons
54:08 Bracer
55:09 Blast Furnace
55:32 Yasama
58:36 Coinage
58:07 Caravan
57:46 Long Swordsman
59:17 Keep
58:39 Murder Holes
64:15 Banking
66:44 Stone Mining
73:21 Onager
76:53 Siege Engineers
77:47 Two-Handed Swordsman
FGD
3:56 Loom
13:51 Feudal Age
19:48 Castle Age
18:33 Double-Bit Axe
21:00 Bow Saw
26:20 Bloodlines
26:36 Scale Barding Armor
28:36 Husbandry
28:59 Chain Barding Armor
30:22 Wheelbarrow
30:51 Forging
34:10 Hand Cart
34:22 Pikeman
35:38 Svan Towers
35:48 Gold Mining
37:12 Fletching
40:42 Iron Casting
41:01 Scale Mail Armor
50:47 Squires
52:28 Chain Mail Armor
53:06 Horse Collar
61:38 Imperial Age
62:08 Guard Tower
63:03 Ballistics
64:18 Bodkin Arrow
65:46 Hoardings
65:54 Keep
66:48 Chemistry
65:32 Treadmill Crane
65:58 Siege Engineers
65:58 Bracer
68:05 Plate Mail Armor
68:35 Blast Furnace
67:50 Murder Holes
68:34 Halberdier
72:28 Plate Barding Armor
72:35 Conscription
74:22 Town Watch
75:22 Masonry
78:48 Architecture
sillyoyo
12:55 Feudal Age
12:26 Loom
16:34 Castle Age
14:25 Double-Bit Axe
17:47 Bow Saw
23:08 Horse Collar
27:21 Wheelbarrow
26:32 Town Watch
28:09 Bloodlines
28:00 Husbandry
28:52 Scale Barding Armor
31:04 Chain Barding Armor
32:30 Forging
34:42 Iron Casting
37:48 Hand Cart
40:57 Imperial Age
40:31 Heavy Plow
40:54 Grand Trunk Road
40:52 Gold Mining
40:52 Stone Mining
42:19 Plate Barding Armor
41:08 Heavy Camel Rider
43:43 Two-Man Saw
44:43 Conscription
47:01 Siege Elephant
47:33 Imperial Camel Rider
49:43 Caravan
50:31 Gold Shaft Mining
49:57 Siege Elephant
51:51 Gold Shaft Mining
51:52 Stone Shaft Mining
57:59 Blast Furnace
70:11 Siege Engineers
70:16 Masonry
70:19 Fortified Wall
75:49 Coinage
CaP
8:31 Loom
11:13 Feudal Age
12:21 Double-Bit Axe
17:15 Forging
19:19 Scale Barding Armor
23:03 Castle Age
21:37 Fletching
22:19 Bloodlines
23:48 Bodkin Arrow
25:39 Wheelbarrow
26:48 Bow Saw
31:16 Chain Barding Armor
39:51 Imperial Age
40:16 Cavalier
41:34 Plate Barding Armor
42:58 Town Watch
45:21 Paladin
49:06 Heavy Scorpion
51:58 Chemistry
53:45 Ballistics
54:56 Caravan
56:40 Ironclad
62:10 Hand Cart
62:04 Elite Teutonic Knight
64:56 Conscription
69:00 Squires
68:45 Gambesons
70:58 Crenellations
Connection lost

Rejoining the realm…

Still unreachable

The connection could not be restored.

Session expired

The server has moved on; the page needs a fresh start.